[Event "ICCopen2016"]
[Site "Internet Chess Club"]
[Date "2016.06.04"]
[Round "2"]
[White "Taechess"]
[Black "PauldeRome"]
[Result "0-1"]
[ICCResult "White checkmated"]
[WhiteElo "1297"]
[BlackElo "1747"]
[Opening "Sicilian: Grand Prix attack"]
[ECO "B23"]
[NIC "SI.44"]
[Time "14:13:00"]
[TimeControl "180+0"]

1. e4 c5 2. Nc3 Nc6 3. f4 d6 4. Nf3 e6 5. d4 cxd4 6. Nxd4 Nf6 7. Bb5 Bd7 8.
O-O Be7 9. Bxc6 Bxc6 10. Nxc6 bxc6 11. e5 dxe5 12. fxe5 Nd5 13. Ne4 O-O 14.
c4 Nb4 15. Qg4 Kh8 16. Bg5 Qd4+ 17. Kh1 Bxg5 18. Rad1 Nd3 19. Qf3 Bh6 20.
Qxd3 Qxe5 21. b3 f5 22. Ng3 Qf6 23. Ne4 fxe4 24. Rxf6 exd3 25. Rxf8+ Rxf8
26. h3 d2 27. g4 Be3 28. Kg2 e5 29. b4 e4 30. c5 g5 31. a3 Kg7 32. a4 Rd8
33. Kf1 Bf4 34. Ke2 e3 35. b5 cxb5 36. axb5 Rd5 37. b6 axb6 38. cxb6 Rb5 39.
b7 Rxb7 40. h4 Rc7 41. hxg5 Rc1 42. g6 hxg6 43. g5 Rxd1 44. Kxd1 Kf7 45. Ke2
Ke6 46. Kd1 Kd5 47. Ke2 Ke4 48. Kd1 Bg3 49. Ke2 Bf2 50. Kd1 Kf3 51. Kc2 e2
52. Kd3 e1=Q 53. Kc4 Qe4+ 54. Kb5 Qc2 55. Ka6 Qb2 56. Ka5 d1=Q 57. Ka6 Qda1#
{White checkmated}
0-1

[Event "ICCopen2016"]
[Site "Internet Chess Club"]
[Date "2016.06.04"]
[Round "2"]
[White "livis"]
[Black "ajedrezlento"]
[Result "0-1"]
[ICCResult "White forfeits on time"]
[WhiteElo "1936"]
[BlackElo "1697"]
[Opening "Corn stalk defense"]
[ECO "B00"]
[NIC "VO.17"]
[Time "14:12:33"]
[TimeControl "180+0"]

1. e4 a5 2. d4 g6 3. f4 Bg7 4. Nf3 d6 5. Bd3 Nd7 6. c3 c6 7. O-O e5 8. fxe5
dxe5 9. Be3 Ngf6 10. h3 Qe7 11. Nbd2 O-O 12. Qe2 Re8 13. dxe5 Nxe5 14. Nxe5
Qxe5 15. Bd4 Qe7 16. Bxf6 Bxf6 17. Qf3 Be5 18. Rae1 b5 19. a3 a4 20. Re2 Be6
21. Ref2 Rf8 22. Qe2 Rad8 23. Nf3 Bg7 24. Re1 Qc5 25. Kh1 Rfe8 26. Bb1 Bc4
27. Qc2 Bd3 28. Qc1 Bxb1 29. Qxb1 Qc4 30. Rfe2 Rd3 31. Qc1 Red8 32. Qf4 Qe6
33. e5 h6 34. Nd4 Qd5 35. e6 fxe6 36. Nxe6 Rd7 37. Nxg7 Rxg7 38. Re8+ Kh7
39. Kh2 Qd6 40. R1e5 Rd5 41. Qe4 Rxe5 42. Qxe5 Qxe5+ 43. Rxe5 Rd7 44. Kg3
Rd2 45. Rc5 Rxb2 46. Rxc6 Rb3 47. Rc7+ Kg8 48. Rc5 Rxa3 49. Rxb5 Rxc3+ 50.
Kf4 a3 51. Ra5 Rc2 52. g4 a2 53. h4 Kf7 54. Ra6 Rb2 55. Ke3 Rb3+ 56. Kd2 Rb4
57. g5 h5 58. Ra7+ Ke6 59. Rxa2 Rxh4 60. Ra5 Rg4 61. Ke3 h4 62. Kf3 Rg3+ 63.
Kf4 Rg1 64. Ra6+ Kf7 65. Ra7+ Ke6 66. Ra6+ Kd5 67. Rxg6 h3 68. Rh6 Rf1+ 69.
Kg3 Ke5 70. Rxh3 Kf5 71. Kh4 Kg6 72. Rg3 Rf4+ 73. Kh3 Rf1 74. Kg4 Rb1
{White forfeits on time}
0-1

[Event "ICCopen2016"]
[Site "Internet Chess Club"]
[Date "2016.06.04"]
[Round "2"]
[White "Svinotigr"]
[Black "Dan83"]
[Result "1-0"]
[ICCResult "Black forfeits on time"]
[WhiteElo "1658"]
[BlackElo "1967"]
[Opening "Réti opening"]
[ECO "A05"]
[NIC "QP.11"]
[Time "14:12:38"]
[TimeControl "180+0"]

1. Nf3 Nf6 2. d3 g6 3. Nbd2 Bg7 4. e4 d6 5. g3 O-O 6. Bg2 c5 7. O-O Nc6 8.
Re1 Bd7 9. c3 Rb8 10. h4 b5 11. Nf1 b4 12. c4 Bg4 13. Be3 Nd7 14. Qc2 Nde5
15. N1h2 Nxf3+ 16. Bxf3 Be6 17. h5 Ne5 18. Be2 f5 19. exf5 Bxf5 20. hxg6
Bxg6 21. Bf4 Nc6 22. Be3 e5 23. Bf3 Ne7 24. Bg5 Qd7 25. Bxe7 Qxe7 26. Bd5+
Kh8 27. Qe2 Rf6 28. Ng4 Rf5 29. Ne3 Rf6 30. Bg2 Rbf8 31. Nd5 Qe6 32. Nxf6
Qxf6 33. Rf1 Bh6 34. Be4 Bf7 35. Qg4 Be6 36. Qe2 Rg8 37. Bg2 Bg5 38. b3 Bh6
39. a3 Bg4 40. Qe4 Bf5 41. Qd5 Bd2 42. axb4 Bxb4 43. Rxa7 h5 44. Qf7 Qg5 45.
Be4 Bxe4 46. dxe4 Rg7 47. Qf8+ Kh7 48. Rxg7+ Qxg7 49. Qxd6 h4 50. Kg2 hxg3
51. fxg3 Qg4 52. Rh1+ Kg7 53. Qe7+ Kg6 54. Qh7+ Kf6 55. Rf1+ Ke6 56. Qf5+
{Black forfeits on time}
1-0

[Event "ICCopen2016"]
[Site "Internet Chess Club"]
[Date "2016.06.04"]
[Round "2"]
[White "klodshans"]
[Black "nadalthegreat"]
[Result "0-1"]
[ICCResult "White forfeits on time"]
[WhiteElo "1583"]
[BlackElo "1916"]
[Opening "Modern defense"]
[ECO "A40"]
[NIC "QO.17"]
[Time "14:12:48"]
[TimeControl "180+0"]

1. d4 g6 2. Bf4 Bg7 3. e3 c5 4. c3 d6 5. Nf3 cxd4 6. exd4 Nf6 7. Be2 O-O 8.
h3 Nc6 9. Nbd2 e5 10. Bh2 e4 11. Ng1 Nd5 12. Qc2 e3 13. Ne4 Bf5 14. Bd3 Qh4
15. Bg3 Qd8 16. O-O-O Bh6 17. Kb1 exf2 18. Bxf2 Be3 19. Nf3 Qe7 20. Rde1
Bxf2 21. Nxf2 Bxd3 22. Qxd3 Qf6 23. Ng4 Qg7 24. Qd2 Rae8 25. Nh6+ Kh8 26. g4
b5 27. g5 b4 28. h4 bxc3 29. bxc3 Rb8+ 30. Ka1 Rbc8 31. Rc1 Na5 32. Rhe1 Nc4
33. Qe2 Ncb6 34. Qd2 Na4 35. c4 Ndb6 36. Qb4 Rcd8 37. Re7 Nc5 38. Kb1 Ne6
39. d5 Nxd5 40. cxd5 Rb8 41. Qxb8 Rxb8+ 42. Kc2 Rb2+ 43. Kd1 Rd2+ 44. Kxd2
Qd4+ {White forfeits on time} 0-1

[Event "ICCopen2016"]
[Site "Internet Chess Club"]
[Date "2016.06.04"]
[Round "2"]
[White "Platyborg"]
[Black "ol4ik"]
[Result "1-0"]
[ICCResult "Black forfeits on time"]
[WhiteElo "2936"]
[BlackElo "2228"]
[Opening "Sicilian: Labourdonnais-Löwenthal (Kalashnikov) variation"]
[ECO "B32"]
[NIC "SI.32"]
[Time "14:13:37"]
[TimeControl "180+0"]

1. e4 c5 2. Nf3 Nc6 3. d4 cxd4 4. Nxd4 e5 5. Nb5 d6 6. c4 Be7 7. N1c3 a6 8.
Na3 f5 9. exf5 Bxf5 10. Bd3 Be6 11. O-O Nf6 12. Nc2 O-O 13. Ne3 Qd7 14. Ncd5
Bd8 15. b3 Nd4 16. Bb2 Rc8 17. Rc1 Kh8 18. Nxf6 Bxf6 19. Qh5 Bg8 20. Nd5 Ne6
21. Nb6 Qe8 22. Qxe8 Rcxe8 23. Nd7 Rf7 24. Nxf6 gxf6 25. Ba3 Nf4 26. Rcd1
Rg7 27. g3 d5 28. c5 d4 29. f3 f5 30. Bxf5 Bd5 31. Rde1 d3 32. Bb2 Ne2+ 33.
Kf2 Rf7 34. Bxd3 Bxf3 35. Bxe2 Bc6+ 36. Ke3 Rxf1 37. Rxf1 Re7 38. Rf5 Kg7
39. Rxe5 Rf7 40. Rf5+ Kg6 41. Rxf7 Kxf7 42. Bf3 Bd7 43. Bxb7
{Black forfeits on time}
1-0

[Event "ICCopen2016"]
[Site "Internet Chess Club"]
[Date "2016.06.04"]
[Round "2"]
[White "jonesey"]
[Black "austin5621499"]
[Result "1-0"]
[ICCResult "Black resigns"]
[WhiteElo "1755"]
[BlackElo "1262"]
[Opening "Caro-Kann: Panov-Botvinnik attack, 5...e6"]
[ECO "B14"]
[NIC "CK.02"]
[Time "14:14:05"]
[TimeControl "180+0"]

1. e4 c6 2. d4 d5 3. exd5 cxd5 4. c4 e6 5. Nc3 Nf6 6. Nf3 Bb4 7. cxd5 exd5
8. Bb5+ Bd7 9. Qe2+ Be7 10. O-O O-O 11. Bg5 Bxb5 12. Qxb5 a6 13. Qxb7 Nbd7
14. Nxd5 Nxd5 15. Qxd5 Bxg5 16. Qxg5 f6 17. Qd5+ Kh8 18. Rfe1 Rb8 19. b3 Qc7
20. Rac1 Qd8 21. Qd6 Re8 22. Rxe8+ Qxe8 23. Re1 Qd8 24. Re7 Nb6 25. Qxd8+
Rxd8 26. Ra7 Nd5 27. Rxa6 Nc3 28. Kf1 Nb1 29. a4 Rd5 30. b4 Rd8 31. Ke2 Nc3+
32. Kd3 Nd5 33. Kc4 Rc8+ 34. Kxd5 Rd8+ 35. Rd6 Rf8 36. a5 g5 {Black resigns}
1-0

[Event "ICCopen2016"]
[Site "Internet Chess Club"]
[Date "2016.06.04"]
[Round "2"]
[White "kofigan"]
[Black "hipopotamos"]
[Result "1/2-1/2"]
[ICCResult "Game drawn by repetition"]
[WhiteElo "1175"]
[BlackElo "1074"]
[Opening "King's pawn game"]
[ECO "C50"]
[NIC "IG.03"]
[Time "14:13:22"]
[TimeControl "180+0"]

1. e4 e5 2. Nf3 Nc6 3. Bc4 h6 4. c3 Nf6 5. d3 Bc5 6. O-O d6 7. Nbd2 Bg4 8.
Qb3 O-O 9. Qxb7 Ne7 10. Qb3 Rb8 11. Qc2 Qd7 12. d4 exd4 13. cxd4 Bb6 14. e5
dxe5 15. dxe5 Nfd5 16. Qe4 a6 17. Bxd5 Nxd5 18. a3 Bf5 19. Qc4 a5 20. Ne4
Ne7 21. Bf4 Ng6 22. Bg3 Rbd8 23. Qe2 Qc6 24. Rfe1 Rfe8 25. Nc3 Bd3 26. Qd2
Be4 27. Qe2 Bd3 28. Qd2 Be4 29. Qe2 Bd3 30. Qd2 Be4 31. Qe2
{Game drawn by repetition}
1/2-1/2

[Event "ICCopen2016"]
[Site "Internet Chess Club"]
[Date "2016.06.04"]
[Round "2"]
[White "ivancele"]
[Black "Freedoom"]
[Result "0-1"]
[ICCResult "White forfeits on time"]
[WhiteElo "1530"]
[BlackElo "1865"]
[Opening "Queen's gambit declined"]
[ECO "D30"]
[NIC "QP.08"]
[Time "14:13:04"]
[TimeControl "180+0"]

1. d4 d5 2. c4 e6 3. e3 f5 4. Nc3 Nf6 5. Nf3 c6 6. Bd3 Be7 7. O-O O-O 8. h3
Na6 9. b3 Nc7 10. Bb2 Bd7 11. cxd5 exd5 12. Rc1 Be8 13. Ne2 Bh5 14. Ne5 Ne4
15. f3 Nd6 16. Nf4 Be8 17. Ne6 Nxe6 18. Qc2 g6 19. Rce1 Ng7 20. g4 Bh4 21.
Re2 f4 22. e4 dxe4 23. Bxe4 Bf7 24. Nxf7 Rxf7 25. Bd3 Re7 26. Rd1 Rxe2 27.
Qxe2 Qe7 28. Bc4+ Nxc4 29. Qxc4+ Qe6 30. Qxe6+ Nxe6 31. d5 Rd8 32. d6 Kf7
33. Be5 Bf6 34. Bxf6 Rxd6 35. Kf2 Rd2+ {White forfeits on time} 0-1

[Event "ICCopen2016"]
[Site "Internet Chess Club"]
[Date "2016.06.04"]
[Round "2"]
[White "cap78red"]
[Black "saira"]
[Result "0-1"]
[ICCResult "White checkmated"]
[WhiteElo "1355"]
[BlackElo "1771"]
[Opening "English: three knights system"]
[ECO "A27"]
[NIC "EO.21"]
[Time "14:12:59"]
[TimeControl "180+0"]

1. c4 e5 2. Nc3 Nc6 3. Nf3 f5 4. d3 Nf6 5. e4 d6 6. exf5 Bxf5 7. Be2 g6 8.
O-O Bg7 9. a3 O-O 10. Ne4 Nxe4 11. dxe4 Bxe4 12. Ng5 Bf5 13. Bg4 Bxg4 14.
Qxg4 Qf6 15. Qh4 h6 16. Bd2 hxg5 17. Bxg5 Qf7 18. f4 Qxc4 19. Bh6 Rf7 20.
Rf3 Bf6 21. Bg5 Bxg5 22. Qxg5 Qe4 23. Rh3 Rh7 24. Rxh7 Kxh7 25. Rf1 Rf8 26.
h4 Qf5 27. Qg3 exf4 28. Qc3 Qc5+ 29. Qxc5 dxc5 30. g3 f3 31. Kf2 Nd4 32. Ke3
Re8+ 33. Kd3 Re2 34. Rxf3 Nxf3 35. Kxe2 Ne5 36. Ke3 Nc4+ 37. Kf4 Nxb2 38.
Kg5 Nc4 39. Kf6 Nxa3 40. Ke6 c4 41. Kd5 c3 42. Kd4 c2 43. Kd5 c1=Q 44. Ke6
Kg7 45. Ke5 b5 46. Kd5 b4 47. Ke6 b3 48. Kd7 b2 49. Kc8 c5 50. Kb8 c4 51.
Ka8 b1=Q 52. g4 Nc2 53. h5 Qcb2 54. h6+ Kh7 55. g5 Qb7# {White checkmated}
0-1

[Event "ICCopen2016"]
[Site "Internet Chess Club"]
[Date "2016.06.04"]
[Round "2"]
[White "luckypawns"]
[Black "Colombiano07"]
[Result "0-1"]
[ICCResult "White forfeits on time"]
[WhiteElo "1594"]
[BlackElo "1946"]
[Opening "Ware (Meadow Hay) opening"]
[ECO "A00"]
[Time "14:13:39"]
[TimeControl "180+0"]

1. a4 g5 2. b3 Bg7 3. Nc3 d5 4. d4 h6 5. e3 Bf5 6. Bd3 Bxd3 7. Qxd3 Nf6 8.
Qb5+ Nbd7 9. Qxb7 e6 10. Ba3 Bf8 11. Bxf8 Kxf8 12. h4 Kg7 13. hxg5 hxg5 14.
Rxh8 Kxh8 15. O-O-O Qb8 16. Qxb8+ Rxb8 17. Nb5 Rb7 18. c4 a6 19. Nc3 Rxb3
20. Kc2 dxc4 21. Nf3 g4 22. Ne5 Nxe5 23. dxe5 Nd5 24. Nxd5 exd5 25. Rxd5 Ra3
26. Ra5 Ra2+ 27. Kc3 Rxf2 28. Rxa6 Rxg2 29. Kxc4 g3 30. Rh6+ Kg7 31. Rh3 Kg6
32. a5 Kg5 33. Rh1 Ra2 34. Kb5 Kg4 35. Rc1 g2 36. Kc6 Rc2+ 37. Rxc2 g1=Q 38.
Kxc7 Qxe3 39. a6 Qa7+ 40. Kd6 Qxa6+ 41. Rc6 Qe2 42. Rc7 Qf3 43. Re7 Qf5 44.
Kd5 Kf4 45. Kd6 Qd3+ 46. Kc7 Qc4+ {White forfeits on time} 0-1

[Event "ICCopen2016"]
[Site "Internet Chess Club"]
[Date "2016.06.04"]
[Round "2"]
[White "Desotojags"]
[Black "MBJPM"]
[Result "0-1"]
[ICCResult "White forfeits on time"]
[WhiteElo "1469"]
[BlackElo "1840"]
[Opening "English opening"]
[ECO "A20"]
[NIC "EO.24"]
[Time "14:13:22"]
[TimeControl "180+0"]

1. c4 e5 2. g3 d6 3. Bg2 c6 4. h3 Nf6 5. d3 Be7 6. Nc3 Be6 7. e4 Nbd7 8.
Nge2 Nc5 9. O-O Qd7 10. Kh2 O-O 11. b4 Na6 12. Rb1 Nc7 13. a4 b5 14. axb5
cxb5 15. Be3 bxc4 16. dxc4 Bxc4 17. Nd5 Ncxd5 18. exd5 Qb7 19. Nc3 Bxf1 20.
Qxf1 Rac8 21. Qe1 a6 22. b5 axb5 23. Rxb5 Qd7 24. Rb6 Bd8 25. Rb3 Ba5 26.
Bd2 Bxc3 27. Bxc3 Qa4 28. Qb1 Qc4 29. Bb4 Rb8 30. Bf1 Qxd5 31. Rb2 e4 32.
Bg2 Qd4 33. Rb3 h6 34. Bc3 Rxb3 35. Qxb3 Qd5 36. Qb2 Qf5 37. Bxf6 gxf6 38.
Qe2 d5 39. f3 exf3 40. Bxf3 Qe5 41. Qd2 Kg7 {White forfeits on time} 0-1

[Event "ICCopen2016"]
[Site "Internet Chess Club"]
[Date "2016.06.04"]
[Round "2"]
[White "cloak1"]
[Black "RJoseph12"]
[Result "1-0"]
[ICCResult "Black forfeits on time"]
[WhiteElo "1769"]
[BlackElo "1322"]
[Opening "Ruy Lopez: classical (Cordel) defense"]
[ECO "C64"]
[NIC "RL.01"]
[Time "14:13:19"]
[TimeControl "180+0"]

1. e4 e5 2. Nf3 Nc6 3. Bb5 Bc5 4. O-O Nge7 5. c3 a6 6. Ba4 O-O 7. d4 exd4 8.
cxd4 Ba7 9. Nc3 d5 10. e5 Bg4 11. Be3 Bxf3 12. gxf3 Qd7 13. Kh1 Nf5 14. Bxc6
Qxc6 15. Rc1 Qd7 16. Rg1 c6 17. Na4 Qe6 18. Nc5 Bxc5 19. Rxc5 f6 20. f4 fxe5
21. dxe5 Qh6 22. Qg4 d4 23. Bd2 Qh4 24. Qxh4 Nxh4 25. Rg4 Nf3 26. Bc1 d3 27.
Kg2 d2 28. Bxd2 Nxd2 29. e6 Ne4 30. Re5 Nf6 31. Rg3 Rfe8 32. e7 Kf7 33. Reg5
h6 34. Rxg7+ Ke6 35. f5+ Kxf5 36. Rf3+ Ke6 37. Rg6 Rxe7 38. Rfxf6+ Kd7 39.
Rxh6 Rg7+ 40. Rhg6 Rag8 41. Rxg7+ Rxg7+ 42. Kf1 Ke8 43. Re6+ Kf7 44. Rh6 Kg8
45. Rd6 Kh7 46. Rd8 Rg6 47. Rd7+ Rg7 48. Rxg7+ Kxg7 49. Ke2 Kg6 50. Kd3 Kf6
51. Kd4 {Black forfeits on time} 1-0

[Event "ICCopen2016"]
[Site "Internet Chess Club"]
[Date "2016.06.04"]
[Round "2"]
[White "Dlugy"]
[Black "Hell-Rell"]
[Result "1-0"]
[ICCResult "Black checkmated"]
[WhiteElo "2906"]
[BlackElo "2198"]
[Opening "Queen's pawn: London system"]
[ECO "A45"]
[NIC "QP.07"]
[Time "14:13:42"]
[TimeControl "180+0"]

1. d4 Nf6 2. Bf4 d5 3. e3 e6 4. Nd2 c5 5. c3 Nc6 6. Ngf3 Bd6 7. Bg3 O-O 8.
Bd3 Qc7 9. dxc5 Bxg3 10. hxg3 e5 11. e4 Bg4 12. Qc2 d4 13. cxd4 Nxd4 14.
Nxd4 exd4 15. O-O Rae8 16. b4 Re5 17. Nf3 Bxf3 18. gxf3 Rd8 19. Kg2 Qe7 20.
Rac1 Rh5 21. Rh1 Rxh1 22. Rxh1 h6 23. f4 Re8 24. Re1 Qd7 25. Qc4 Nd5 26.
exd5 Rxe1 27. Qxd4 Qg4 28. c6 Qh5 29. Bf1 Rd1 30. Qe5 Qxe5 31. fxe5 bxc6 32.
dxc6 Rc1 33. b5 Kf8 34. a4 Ke7 35. a5 Kd8 36. Bd3 Rc5 37. b6 Rxa5 38. c7+
Ke7 39. c8=Q axb6 40. Qc7+ Ke6 41. Bc4+ Kf5 42. Qxf7+ Ke4 43. Qf4#
{Black checkmated}
1-0

[Event "ICCopen2016"]
[Site "Internet Chess Club"]
[Date "2016.06.04"]
[Round "2"]
[White "Danya"]
[Black "Lucas"]
[Result "1-0"]
[ICCResult "Black forfeits on time"]
[WhiteElo "3036"]
[BlackElo "2325"]
[Opening "Budapest: Rubinstein variation"]
[ECO "A52"]
[NIC "QG.01"]
[Time "14:13:17"]
[TimeControl "180+0"]

1. d4 Nf6 2. c4 e5 3. dxe5 Ng4 4. Bf4 Nc6 5. Nf3 Bb4+ 6. Nc3 Bxc3+ 7. bxc3
Qe7 8. Qd5 f6 9. exf6 Nxf6 10. Qd1 d6 11. e3 O-O 12. Be2 Bg4 13. O-O Rae8
14. Qb3 b6 15. c5+ Be6 16. cxd6 cxd6 17. Qa3 Ne4 18. Bb5 Rc8 19. Rad1 Rfd8
20. h4 Bg4 21. Ng5 Bxd1 22. Rxd1 d5 23. Qxe7 Nxe7 24. Ne6 Nxc3 25. Nxd8 Rxd8
26. Bg5 Nxd1 27. Bxe7 Rc8 28. Bd7 Rc1 29. Be6+ Kh8 30. Kh2 Nxf2 31. h5 h6
32. Kg3 Nd1 33. Kf4 Rc3 34. Bxd5 Nxe3 35. Be4 Nd1 36. g4 Nf2 37. Bf5 Rc4+
38. Kf3 Nd1 39. a3 a5 40. Bd8 b5 41. Bxa5 Ra4 42. Bb4 Nb2 43. Bd7 Ra7 44.
Bxb5 Rb7 45. Bc6 Rc7 46. Bd5 Nc4 47. Ke4 Nb6 48. Be6 Rc6 49. Kf5 Rc2 50. Bd6
Rd2 51. Be5 Rc2 52. Kg6 Rc7 53. Bxc7 Nd5 54. Be5 Nf4+ 55. Kf7
{Black forfeits on time}
1-0

[Event "ICCopen2016"]
[Site "Internet Chess Club"]
[Date "2016.06.04"]
[Round "2"]
[White "TrendFriend"]
[Black "cstefan"]
[Result "0-1"]
[ICCResult "White checkmated"]
[WhiteElo "2500"]
[BlackElo "1995"]
[Opening "Sicilian"]
[ECO "B50"]
[NIC "SI.01"]
[Time "14:13:08"]
[TimeControl "180+0"]

1. e4 c5 2. Nf3 d6 3. Nc3 Nf6 4. e5 dxe5 5. Nxe5 Nbd7 6. Nc4 e6 7. g3 a6 8.
Bg2 Be7 9. d3 O-O 10. a4 Qc7 11. a5 Nd5 12. Bxd5 exd5 13. Nxd5 Qd8 14. O-O
Nf6 15. Nxe7+ Qxe7 16. Re1 Qd8 17. Nb6 Rb8 18. Bf4 Bg4 19. f3 Bf5 20. g4 Be6
21. Qd2 Nd5 22. Nxd5 Qxd5 23. Bxb8 Rxb8 24. Qf4 Rc8 25. Re5 Qd7 26. b3 h6
27. Rae1 Qd8 28. Qd2 Qd4+ 29. Kg2 Bd7 30. Qf2 Qd6 31. Qg3 Qf8 32. Re7 Bc6
33. Qe5 Qd8 34. Kg3 Qxa5 35. Qf5 Rf8 36. R7e5 Qd2 37. R1e2 Qd1 38. Kg2 Qa1
39. Rxc5 Qd1 40. Rce5 Qc1 41. h4 Qb2 42. g5 hxg5 43. hxg5 g6 44. Qf6 Qc1 45.
R5e3 Qd1 46. Qc3 Qc1 47. Re1 Qa3 48. Rh1 f6 49. Qc4+ Kg7 50. Re7+ Qxe7 51.
gxf6+ Qxf6 52. Rf1 Bxf3+ 53. Kf2 Bd5+ 54. Ke3 Bxc4 55. Rxf6 Rxf6 56. bxc4
Rc6 57. Kd4 a5 58. c5 a4 59. Kc4 a3 60. Kb3 Rxc5 61. c4 Kf6 62. Kxa3 Ke5 63.
Kb4 Kd4 64. Kb3 b6 65. Kb4 g5 66. Kb3 g4 67. Kc2 g3 68. Kd2 g2 69. Ke2 g1=Q
70. Kf3 Qe3+ 71. Kg4 Qxd3 72. Kf4 Qe4+ 73. Kg3 Rxc4 74. Kf2 Rc3 75. Kf1 Qc2
76. Ke1 Rb3 77. Kf1 Rb1# {White checkmated} 0-1

[Event "ICCopen2016"]
[Site "Internet Chess Club"]
[Date "2016.06.04"]
[Round "2"]
[White "mrneale"]
[Black "Zebbile"]
[Result "0-1"]
[ICCResult "White forfeits on time"]
[WhiteElo "1231"]
[BlackElo "1721"]
[Opening "Alekhine's defense: Scandinavian variation"]
[ECO "B02"]
[NIC "AL.10"]
[Time "14:14:05"]
[TimeControl "180+0"]

1. e4 Nf6 2. Nc3 d5 3. exd5 Nxd5 4. Nxd5 Qxd5 5. Nf3 Bg4 6. Be2 e6 7. O-O
Be7 8. h3 Bh5 9. d3 O-O 10. c4 Qd7 11. Ne5 Qd4 12. Bxh5 Qxe5 13. Re1 Qf6 14.
Qf3 Nc6 15. Rb1 Rab8 16. Bd2 Nd4 17. Qxf6 Bxf6 18. Bc3 c5 19. b4 b6 20. Rb2
Rb7 21. bxc5 Nf3+ 22. Bxf3 Bxc3 23. Bxb7 Bxb2 24. cxb6 axb6 25. Bc6 Rc8 26.
Bb5 Rd8 27. Rd1 e5 28. Kf1 Ba3 29. Ke2 Bb4 30. Rb1 Bc5 31. a4 Bd4 32. Rb3 f6
33. Ra3 Ra8 34. Bc6 Ra5 35. Rb3 Kf8 36. Rb5 Rxa4 {White forfeits on time}
0-1

[Event "ICCopen2016"]
[Site "Internet Chess Club"]
[Date "2016.06.04"]
[Round "2"]
[White "Chapo2"]
[Black "h13"]
[Result "0-1"]
[ICCResult "White resigns"]
[WhiteElo "1977"]
[BlackElo "2577"]
[Opening "French: Tarrasch, open variation"]
[ECO "C07"]
[NIC "FR.18"]
[Time "14:15:47"]
[TimeControl "180+0"]

1. e4 e6 2. d4 d5 3. Nd2 c5 4. dxc5 Bxc5 5. Bd3 a6 6. Qe2 Nf6 7. Ngf3 O-O 8.
O-O Nc6 9. c3 Re8 10. e5 Nd7 11. Nb3 Ba7 12. Bxh7+ Kxh7 13. Ng5+ Kg8 14. Qh5
Ndxe5 15. Bf4 Ng6 16. Bg3 e5 17. Rad1 Be6 18. Rfe1 Qf6 19. h3 Rad8 20. Rd3
e4 21. Rdd1 Qf5 22. Nd4 Nxd4 23. cxd4 Nf8 24. f3 Qg6 25. Qh4 f5 26. fxe4
dxe4 27. Kh2 Rxd4 28. Rxd4 Bxd4 29. Rd1 Bf6 30. Bf4 Nh7 31. Qxh7+ Qxh7 32.
Nxh7 Kxh7 33. Rd6 g5 34. Be3 Be5+ {White resigns} 0-1

[Event "ICCopen2016"]
[Site "Internet Chess Club"]
[Date "2016.06.04"]
[Round "2"]
[White "oskarito"]
[Black "dhar2603"]
[Result "1-0"]
[ICCResult "Black forfeits on time"]
[WhiteElo "2473"]
[BlackElo "1824"]
[Opening "Sicilian: Najdorf, 6.f4"]
[ECO "B93"]
[NIC "SI.12"]
[Time "14:12:55"]
[TimeControl "180+0"]

1. e4 c5 2. Nf3 d6 3. d4 cxd4 4. Nxd4 Nf6 5. Nc3 a6 6. f4 e5 7. Nf3 Nc6 8.
fxe5 dxe5 9. Qxd8+ Kxd8 10. Bc4 Ke8 11. Bg5 Bb4 12. O-O-O Be6 13. Nd5 Bxd5
14. exd5 Na5 15. Nxe5 Nxc4 16. Nxc4 Rc8 17. Nb6 Rd8 18. Bxf6 gxf6 19. c3 Bc5
20. Nc4 b5 21. Na5 Kd7 22. Rhf1 Be3+ 23. Kc2 Bg5 24. d6 Rde8 25. Rf2 Re6 26.
Nb7 Be3 27. Re2 Rb8 28. Na5 Bf4 29. Rxe6 fxe6 30. c4 bxc4 31. Nxc4 e5 32. g3
Bg5 33. b3 Rd8 34. Rd5 Ke6 35. Ra5 e4 36. Rxa6 e3 37. Kd3 Kd5 38. Nxe3+ Kc5
39. Nf5 Kb5 40. Ra7 h5 41. a4+ Kb6 42. Rh7 Kc6 43. b4 Kd5 44. b5 Ke5 45. Ne3
Rxd6+ 46. Ke2 Rd4 47. Re7+ Kd6 48. Ra7 Re4 49. Kd3 Rxe3+ 50. Kc4 Re4+ 51.
Kd3 Re3+ 52. Kc4 Re4+ 53. Kc3 Re3+ 54. Kb4 Re4+ 55. Ka5 Be3 56. Ra6+ Kc5 57.
Rc6+ Kd5 58. Rxf6 Bd2+ 59. Kb6 Rxa4 60. Rf5+ Kc4 61. Rxh5 Be3+ 62. Kc6 Ra2
63. Rh4+ Kc3 64. b6 Rb2 65. b7 Kd3 66. Kc7 Ba7 67. Rh7 Bb6+ 68. Kc8 Ba7 69.
Kd8 Rc2 70. Rd7+ Ke4 71. h4 Kf3 72. Ke8 Kxg3 73. h5 Rh2 74. Rd5
{Black forfeits on time}
1-0

[Event "ICCopen2016"]
[Site "Internet Chess Club"]
[Date "2016.06.04"]
[Round "2"]
[White "mikado"]
[Black "whiteshark"]
[Result "1-0"]
[ICCResult "Black checkmated"]
[WhiteElo "1999"]
[BlackElo "2535"]
[Opening "English, 1...Nf6 (Anglo-Indian defense)"]
[ECO "A15"]
[NIC "EO.64"]
[Time "14:13:21"]
[TimeControl "180+0"]

1. c4 Nf6 2. g3 e5 3. Bg2 c6 4. d4 e4 5. Nc3 d5 6. Bg5 Be6 7. Qb3 b6 8. cxd5
cxd5 9. Bxf6 gxf6 10. Nh3 Bd6 11. e3 Qd7 12. Nf4 Bxf4 13. gxf4 Nc6 14. Bf1
O-O 15. Bb5 a6 16. Rg1+ Kh8 17. Bf1 Rg8 18. Rxg8+ Rxg8 19. O-O-O b5 20. Be2
Rg2 21. Qc2 Rxf2 22. Rg1 Nb4 23. Qd1 Qc6 24. Kb1 Bf5 25. Qe1 Rxe2 26. Qxe2
Bg6 27. Qg2 f5 28. h4 Qc4 29. a3 Qd3+ 30. Ka1 Nc2+ 31. Ka2 Nxe3 32. Qg5 Qc4+
33. Kb1 Qd3+ 34. Ka2 Qxd4 35. h5 Qc4+ 36. Kb1 Qd3+ 37. Ka2 Qc4+ 38. Kb1 Qd3+
39. Ka2 d4 40. h6 Qc4+ 41. Kb1 Qd3+ 42. Ka2 Qc4+ 43. Kb1 Qd3+ 44. Ka2 Qc4+
45. Kb1 Qd3+ 46. Ka1 Nc2+ 47. Ka2 Qc4+ 48. Kb1 Nxa3+ 49. Kc1 f6 50. Qxf6+
Kg8 51. Qg7# {Black checkmated} 1-0

[Event "ICCopen2016"]
[Site "Internet Chess Club"]
[Date "2016.06.04"]
[Round "2"]
[White "Kalmyk"]
[Black "gannikus1992"]
[Result "1-0"]
[ICCResult "Black forfeits on time"]
[WhiteElo "2971"]
[BlackElo "2240"]
[Opening "Réti: King's Indian attack"]
[ECO "A05"]
[NIC "QP.11"]
[Time "14:13:06"]
[TimeControl "180+0"]

1. Nf3 Nf6 2. g3 g6 3. Bg2 Bg7 4. O-O O-O 5. d3 d5 6. Nbd2 c5 7. e4 Nc6 8.
c3 Qc7 9. Re1 dxe4 10. dxe4 Rd8 11. Qe2 a5 12. a4 b6 13. h3 Ba6 14. Nc4 Nd7
15. Bf4 Qb7 16. Bf1 Nde5 17. Nfxe5 Nxe5 18. Bxe5 Bxe5 19. Qc2 Bg7 20. Rad1
Qc7 21. Na3 Bb7 22. Nb5 Qc6 23. Bg2 c4 24. Qe2 Qc5 25. Bf1 Rac8 26. Na7 Ra8
27. Nb5 Rac8 28. h4 h5 29. Bh3 e6 30. Bf1 Be5 31. Kh2 Qe7 32. f4 Bxf4 33.
gxf4 Qxh4+ 34. Kg1 Qxf4 35. Bg2 h4 36. Qf2 Qg5 37. Kf1 Rxd1 38. Rxd1 Rd8 39.
Nd6 Bc6 40. Qxf7+ Kh8 41. Qf2 Kg7 42. Qf7+ Kh8 43. Qf2 Kg7 44. e5 Rf8 45.
Qxf8+ Kxf8 46. Bxc6 Qxe5 47. Ne4 Qf4+ 48. Nf2 h3 49. Rd8+ Ke7 50. Rd7+ Kf6
51. Rd8 h2 52. Rf8+ Ke5 53. Rxf4 Kxf4 54. Bh1 Ke3 55. Ng4+ Kd2 56. Nxh2 Kc2
57. Ke2 Kxb2 58. Kd2 Kb3 59. Bc6 g5 60. Bb5 e5 61. Ng4 e4 62. Ne3 g4 63. Nf5
Kb2 64. Nd4 {Black forfeits on time} 1-0

[Event "ICCopen2016"]
[Site "Internet Chess Club"]
[Date "2016.06.04"]
[Round "2"]
[White "welo1969"]
[Black "Nostradamus"]
[Result "1-0"]
[ICCResult "Black forfeits on time"]
[WhiteElo "1570"]
[BlackElo "2416"]
[Opening "King's Indian: fianchetto without c4"]
[ECO "A49"]
[NIC "QP.06"]
[Time "14:13:18"]
[TimeControl "180+0"]

1. d4 Nf6 2. Nf3 g6 3. g3 Bg7 4. Bg2 O-O 5. O-O d6 6. Nc3 Nc6 7. a4 a5 8. e4
Bg4 9. h3 Bxf3 10. Bxf3 Nd7 11. d5 Nd4 12. Bg2 c5 13. Ne2 Nxe2+ 14. Qxe2 Rb8
15. c3 Qc7 16. Kh2 c4 17. Be3 Ne5 18. Bd4 b5 19. axb5 Rxb5 20. Ra2 Rfb8 21.
Bxe5 Bxe5 22. Rfa1 Qb6 23. Kg1 Bxg3 24. Rb1 Be5 25. Qxc4 h5 26. Bf1 Rc5 27.
Qd3 Rxc3 28. bxc3 Qxb1 29. Qxb1 Rxb1 30. Rxa5 Bxc3 31. Ra2 Bd4 32. Kg2 Kg7
33. Rd2 g5 34. Rxd4 Kf6 35. Rc4 Ke5 36. Rc7 Kf6 37. Rc4 Rb7 38. Be2 h4 39.
Bg4 Ke5 40. f3 Rb2+ 41. Kf1 Rb7 42. Rc8 f6 43. Ke1 Kf4 44. Kd1 Ke3 45. Kc2
Ra7 46. Kb3 Kd4 47. Kb4 Rb7+ 48. Ka5 Ke3 49. Ka6 Rb2 50. Rc7 f5 51. exf5 Kd4
52. Rxe7 Kxd5 53. f6 Kc6 54. Ka5 Ra2+ 55. Kb4 Ra8 56. f7 Rf8 57. Bh5 Rb8+
58. Kc3 Kd5 59. Re8 {Black forfeits on time} 1-0